 Dungeon Crawl Stone Soup version 0.28.0 (webtiles) character file.

Game seed: 11595676596058989024

555 themarg the Skirmisher (level 7, -1/60 HPs)
             Began as a Gnoll Wanderer on Feb 6, 2022.
             Was an Initiate of Hepliaklqana.
             Slain by an ogre (15 damage)
             ... on level 4 of the Dungeon.
             The game lasted 00:31:31 (4935 turns).

themarg the Skirmisher (Gnoll Wanderer)             Turns: 4935, Time: 00:31:31

Health: -1/60      AC:  7    Str: 18    XL:     7   Next: 30%
Magic:  12/12      EV: 10    Int: 14    God:    Hepliaklqana [......]
Gold:   179        SH:  0    Dex: 10    Spells: 12/13 levels left

rFire   . . .      SeeInvis +   a - +2 quarterstaff
rCold   . . .      Faith    .   (shield currently unavailable)
rNeg    . . .      Spirit   .   b - +0 scale mail
rPois   .          Reflect  .   (no helmet)
rElec   .          Harm     .   (no cloak)
rCorr   .          Rampage  .   (no gloves)
Will    .....                   (no boots)
Stlth   +.........              (no amulet)
HPRegen 0.20/turn               n - +6 ring of intelligence
MPRegen 0.13/turn               r - ring of see invisible

@: no status effects
A: fangs 1, strong nose, distributed training
a: Renounce Religion


You were on level 4 of the Dungeon.
You worshipped Hepliaklqana.
Hepliaklqana was noncommittal.
You visited 2 branches of the dungeon, and saw 5 of its levels.

You collected 179 gold pieces.

Inventory:

Hand Weapons
 a - a +2 quarterstaff (weapon)
Missiles
 j - a throwing net
Armour
 b - a +0 scale mail (worn)
 e - a +0 leather armour
Magical Staves
 m - a staff of conjuration
Jewellery
 c - a +6 ring of dexterity
 n - a +6 ring of intelligence (left hand)
 r - a ring of see invisible (right hand)
Scrolls
 d - a scroll of blinking {unknown}
 f - 2 scrolls of magic mapping {unknown}
 g - a scroll of summoning {unknown}
 i - a scroll of teleportation {unknown}
 k - a scroll of enchant weapon {unknown}
 l - a scroll of enchant armour {unknown}
 o - a scroll of brand weapon {unknown}
 p - a scroll of silence {unknown}
 u - a scroll of vulnerability {unknown}
Potions
 h - 2 potions of curing {unknown}
 q - a potion of heal wounds {unknown}
 s - a potion of might {unknown}
 t - a potion of degeneration {unknown}


   Skills:
 + Level 7.0 Fighting
 + Level 2.4 Short Blades
 + Level 2.4 Long Blades
 + Level 2.4 Axes
 + Level 2.4 Maces & Flails
 + Level 2.4 Polearms
 + Level 5.2 Staves
 + Level 2.4 Slings
 + Level 2.4 Bows
 + Level 2.4 Crossbows
 + Level 2.4 Throwing
 + Level 5.2 Armour
 + Level 2.4 Dodging
 + Level 3.4 Stealth
 + Level 2.4 Shields
 + Level 2.4 Unarmed Combat
 + Level 3.7 Spellcasting
 + Level 2.0 Conjurations
 + Level 2.0 Hexes
 + Level 2.0 Summonings
 + Level 2.0 Necromancy
 + Level 2.0 Translocations
 + Level 2.0 Transmutations
 + Level 2.9 Fire Magic
 + Level 2.0 Ice Magic
 + Level 2.0 Air Magic
 + Level 2.0 Earth Magic
 + Level 2.0 Poison Magic
 + Level 2.6 Invocations
 + Level 2.4 Evocations


You had 12 spell levels left.
You knew the following spells:

 Your Spells              Type           Power      Damage    Failure   Level
a - Foxfire               Conj/Fire      36%        2x1d5     21%         1

Your spell library contained the following spells:

 Spells                   Type           Power      Damage    Failure   Level
 Animate Skeleton         Necr           16%        N/A       26%         1
 Beastly Appendage        Tmut           16%        N/A       26%         1
 Pain                     Necr           32%        1d5       26%         1
 Blink                    Tloc           16%        N/A       36%         2
 Wereblood                Tmut           8%         N/A       36%         2
 Conjure Flame            Conj/Fire      9%         6-21      52%         3
 Call Canine Familiar     Summ           8%         N/A       58%         3
 Lesser Beckoning         Tloc           8%         N/A       58%         3
 Portal Projectile        Hex/Tloc       16%        N/A       58%         3
 Spider Form              Tmut/Pois      8%         N/A       58%         3
 Vampiric Draining        Necr           8%         2d6       58%         3
 Leda's Liquefaction      Hex/Erth       4%         N/A       94%         4
 Manifold Assault         Tloc           8%         N/A       100%        5


Dungeon Overview and Level Annotations

Branches:
Dungeon (4/15)             Temple (1/1) D:4

Altars:
Ashenzari
Cheibriados
Dithmenos
Elyvilon
Fedhas
Gozag
Hepliaklqana
Kikubaaqudgha
Makhleb
Nemelex Xobeh
Qazlal
Ru
Sif Muna
Trog
Uskayaw
Vehumet
Wu Jian
Xom
Yredelemnul
Zin
The Shining One

Annotations:
D:2 Natasha, Sigmund
D:3 1 runed translucent door, horus123's ghost, amateur HuCK


Innate Abilities, Weirdness & Mutations

You have very sharp teeth.
Your uncanny sense of smell can sniff out nearby items.
Your experience applies equally to all skills.


Message History

Your Hexes skill increases to level 2!
Your Summonings skill increases to level 2!
Your Necromancy skill increases to level 2!
Your Translocations skill increases to level 2!
Your Transmutations skill increases to level 2!
Your Ice Magic skill increases to level 2!
Your Air Magic skill increases to level 2!
Your Earth Magic skill increases to level 2!
Your Poison Magic skill increases to level 2!
You start resting.
HP restored.
You see here 26 sling bullets.
Found an escape hatch in the floor.
There is an escape hatch in the floor here.
An ogre comes into view. It is wielding a +0 giant club.
You sock the ogre! You bite the ogre.
The ogre is moderately wounded.
The ogre hits you with a +0 giant club!
You thump the ogre!
The ogre is severely wounded.
The ogre closely misses you.
You barely miss the ogre.
The ogre is severely wounded.
The ogre hits you with a +0 giant club!!
You hit the ogre.
The ogre is almost dead.
You closely miss the ogre.
The ogre is almost dead.
The ogre hits you with a +0 giant club!!
* * * LOW HITPOINT WARNING * * *
The ogre closely misses you. The ogre closely misses you.
The ogre hits you with a +0 giant club!!
* * * LOW HITPOINT WARNING * * *
You hit the ogre but do no damage.
The ogre is moderately wounded.
You hit the ogre.
The ogre is moderately wounded.
The ogre hits you with a +0 giant club!
You die...

#....#####.....## ##.##......
#.#.## #.####O## ##.###.#####
#.#.# #.# ##.###.## #.#####
#.#.# #.# ####.#..####......
##.#.######.# #.................
#...........# #.###.#.###.......
#.########### #.# #.#.# #.......
#.# #O# #.#.# #....... #.# #@#
#.#.# #..##.## #.# #.#
#.#.###..##.# #.#
##########.###...........## #.#
#................###.......
#.####.########...........######
#......# ############# ########


You could see an ogre.

Vanquished Creatures
  A necrophage (D:4)
  A phantom (D:4)
  A hound (D:4)
  An orc priest (D:3)
  A jelly (D:4)
  An iguana (D:4)
  Natasha (twice) (D:2)
  2 orc wizards (D:3)
  5 gnolls
  6 adders
  An adder skeleton (D:4)
  3 worms
  2 dart slugs
  An orc (D:3)
  6 ball pythons
  8 bats
  5 endoplasms
  3 giant cockroaches
  5 goblins
  4 hobgoblins
  10 jackals
  3 kobolds
  5 quokkas
  3 frilled lizards
  5 rats
85 creatures vanquished.

Vanquished Creatures (others)
  22 plants (D:2)
22 creatures vanquished.

Grand Total: 107 creatures vanquished

Notes
Turn   | Place    | Note
-------+----------+-------------------------------------------
     0 | D:1      | themarg the Gnoll Wanderer began the quest for the Orb.
     0 | D:1      | themarg set off with the following items: a +2
                  | quarterstaff, a +0 scale mail; and the following spell
                  | memorised: Foxfire; and the following spells available to
                  | memorise: Conjure Flame
     0 | D:1      | Reached XP level 1. HP: 23/23 MP: 4/4
    54 | D:1      | Reached XP level 2. HP: 27/29 MP: 5/5
   412 | D:1      | Reached XP level 3. HP: 35/35 MP: 7/7
   781 | D:1      | Found a faded altar of an unknown god.
   943 | D:2      | Reached skill level 1 in Invocations
  1046 | D:2      | Reached skill level 1 in Short Blades
  1046 | D:2      | Reached skill level 1 in Long Blades
  1046 | D:2      | Reached skill level 1 in Axes
  1046 | D:2      | Reached skill level 1 in Maces & Flails
  1046 | D:2      | Reached skill level 1 in Polearms
  1046 | D:2      | Reached skill level 1 in Slings
  1046 | D:2      | Reached skill level 1 in Bows
  1046 | D:2      | Reached skill level 1 in Crossbows
  1046 | D:2      | Reached skill level 1 in Throwing
  1046 | D:2      | Reached skill level 1 in Dodging
  1046 | D:2      | Reached skill level 1 in Shields
  1046 | D:2      | Reached skill level 1 in Unarmed Combat
  1046 | D:2      | Reached skill level 1 in Evocations
  1050 | D:2      | Reached XP level 4. HP: 33/41 MP: 8/8
  1402 | D:2      | Reached skill level 1 in Conjurations
  1402 | D:2      | Reached skill level 1 in Hexes
  1402 | D:2      | Reached skill level 1 in Summonings
  1402 | D:2      | Reached skill level 1 in Necromancy
  1402 | D:2      | Reached skill level 1 in Translocations
  1402 | D:2      | Reached skill level 1 in Transmutations
  1402 | D:2      | Reached skill level 1 in Ice Magic
  1402 | D:2      | Reached skill level 1 in Air Magic
  1402 | D:2      | Reached skill level 1 in Earth Magic
  1402 | D:2      | Reached skill level 1 in Poison Magic
  1615 | D:2      | Noticed Natasha
  1623 | D:2      | Killed Natasha
  1624 | D:2      | Reached XP level 5. HP: 45/47 MP: 9/9
  1892 | D:2      | Noticed Natasha
  1901 | D:2      | Killed Natasha
  1963 | D:2      | Noticed Sigmund
  1993 | D:2      | Noticed Natasha
  2148 | D:3      | Found a runed translucent door.
  2150 | D:3      | Noticed horus123's ghost (amateur HuCK)
  2642 | D:3      | Reached XP level 6. HP: 23/53 MP: 10/10
  3536 | D:4      | Reached skill level 5 in Staves
  3536 | D:4      | Reached skill level 5 in Armour
  3660 | D:4      | Found a staircase to the Ecumenical Temple.
  3669 | Temple   | Entered the Ecumenical Temple
  3951 | Temple   | Became a worshipper of Hepliaklqana the Forgotten
  4352 | D:4      | Reached XP level 7. HP: 48/59 MP: 12/12
  4660 | D:4      | Reached skill level 7 in Fighting
  4753 | D:4      | HP: 3/60 [ogre (22)]
  4935 | D:4      | Slain by an ogre

Illustrated notes

Levels and vault maps discovered:
D:1:      giann_horns, layout_basic, shapermc_ecumenical_altar_mp_highgroup
D:2:      wad_woods_settlement, layout_basic, nicolae_elevator_lobby_plus,
          uniq_natasha, uniq_sigmund
D:3:      layout_basic, ebering_ghost_inner_flame
D:4:      minmay_octagon_keep, layout_loops_ring, minmay_temple_entry_poolview
Temple:   nicolae_temple_the_god_donut

Skill      XL: |  1  2  3  4  5  6  7 |
---------------+----------------------+-----
Fire Magic     | 2 |  2.9
Invocations    | 1 2 |  2.6
Short Blades   | 1 2 |  2.4
Long Blades    | 1 2 |  2.4
Axes           | 1 2 |  2.4
Maces & Flails | 1 2 |  2.4
Polearms       | 1 2 |  2.4
Slings         | 1 2 |  2.4
Bows           | 1 2 |  2.4
Crossbows      | 1 2 |  2.4
Throwing       | 1 2 |  2.4
Dodging        | 1 2 |  2.4
Shields        | 1 2 |  2.4
Unarmed Combat | 1 2 |  2.4
Evocations     | 1 2 |  2.4
Spellcasting   | 3 |  3.7
Conjurations   | 1 2 |  2.0
Hexes          | 1 2 |  2.0
Summonings     | 1 2 |  2.0
Necromancy     | 1 2 |  2.0
Translocations | 1 2 |  2.0
Transmutations | 1 2 |  2.0
Ice Magic      | 1 2 |  2.0
Air Magic      | 1 2 |  2.0
Earth Magic    | 1 2 |  2.0
Poison Magic   | 1 2 |  2.0
Stealth        | 3 |  3.4
Staves         | 5 |  5.2
Armour         | 5 |  5.2
Fighting       | 7 |  7.0

Action                   |  1- 3 |  4- 6 |  7- 9 || total
-------------------------+-------+-------+-------++-------
Melee: Quarterstaff      |    79 |   178 |    23 ||   280
       Bite              |     4 |    14 |     4 ||    22
 Stab: Sleeping          |     1 |     5 |       ||     6
Armor: Scale mail        |    14 |    32 |     5 ||    51
       Leather armour    |    11 |    26 |       ||    37
Dodge: Dodged            |    32 |    85 |     6 ||   123
